AoeStats
← FlinkerBär

Arabian Desert

509975259Analyzed
1v1 RM · 4d ago on Sep 28, 2026· 30m 31s· 2 players
Game mode
Random Map
Map size
Tiny (2 player)
Population
200
Speed
Normal
Resources
Standard
Victory
Conquest
Starting age
Dark Age
Ending age
Imperial Age
RankedLock teamsTeams togetherTeam positionsShared explorationLock speedFull tech treeHidden civsTurbo modeCheats
Victory
Defeat
🇦🇷 Hindustanis · Argentina
1172
+15
🇦🇹 Wu · Austria
1153
-15
FlinkerBär
6:47 Loom
9:04 Feudal Age
9:07 Man-at-Arms
13:26 Double-Bit Axe
18:31 Wheelbarrow
23:10 Castle Age
21:30 Fletching
22:00 Scale Mail Armor
23:10 Padded Archer Armor
24:43 Gold Mining
25:09 Bodkin Arrow
26:10 Crossbowman
29:42 Bow Saw
29:18 Horse Collar
Mujica74707
7:20 Loom
9:31 Feudal Age
16:46 Double-Bit Axe
21:12 Castle Age
19:22 Fletching
22:07 Bloodlines
22:09 Bodkin Arrow
25:01 Husbandry
26:58 Wheelbarrow
26:31 Padded Archer Armor
29:25 Gold Mining
30:30 Ballistics
30:05 Town Watch
Connection lost

Rejoining the realm…

Still unreachable

The connection could not be restored.

Session expired

The server has moved on; the page needs a fresh start.